 Dungeon Crawl Stone Soup version 0.30-a0-618-gd6c86c23d0 (webtiles) character file.

Game seed: 7793262752806932211

53 bmack86 the Trooper (level 3, -2/33 HPs)
             Began as a Minotaur Fighter on Jan 9, 2023.
             Slain by Sigmund
             ... wielding a +0 scythe
              (10 damage)
             ... on level 3 of the Dungeon.
             The game lasted 00:04:04 (1592 turns).

bmack86 the Trooper (Minotaur Fighter)              Turns: 1592, Time: 00:04:05

Health: -2/33      AC:  9    Str: 22    XL:     3   Next: 64%
Magic:  2/2        EV:  7    Int:  5    God:
Gold:   172        SH:  0    Dex:  9    Spells: 2/2 levels left

rFire   . . .      SeeInvis .    a - +0 war axe
rCold   . . .      Faith    .    c - +1 buckler
rNeg    . . .      Spirit   .    e - +0 chain mail
rPois   .          Reflect  .    (helmet restricted)
rElec   .          Harm     .    (no cloak)
rCorr   .          Rampage  .    (no gloves)
Will    .....                    (no boots) Stlth
                                 (no amulet)
HPRegen 0.25/turn                (no ring)
MPRegen 0.08/turn                (no ring)

@: confused
A: horns 2, retaliatory headbutt
a: no special abilities


You were on level 3 of the Dungeon.
You visited 1 branch of the dungeon, and saw 3 of its levels.

You collected 172 gold pieces.

Inventory:

Hand Weapons
 a - a +0 war axe (weapon)
Missiles
 i - 4 boomerangs (quivered)
 l - 3 poisoned darts
Armour
 b - a +0 scale mail
 c - a +1 buckler (worn)
 e - a +0 chain mail (worn)
Wands
 k - a wand of flame (22)
Scrolls
 g - 2 scrolls of identify {unknown}
 h - a scroll of enchant armour
 m - a scroll of amnesia {unknown}
 n - a scroll of fog {unknown}
Potions
 d - a potion of might
 f - 3 potions of curing {unknown}
 j - a potion of flight {unknown}


   Skills:
 * Level 4.3 Fighting
 * Level 3.3 Axes
 + Level 0.6 Throwing
 + Level 4.1 Armour
 + Level 4.0 Shields


You had 2 spell levels left.
You didn't know any spells.
Your spell library contained the following spells:

 Spells                   Type           Power      Damage    Failure   Level
 Shock                    Conj/Air       0%         1d3       99%         1
 Cigotuvi's Dreadful Rot  Necr/Pois/Air  0%         N/A       100%        2
 Sublimation of Blood     Necr           0%         N/A       100%        2
 Wereblood                Tmut           0%         N/A       100%        2
 Swiftness                Air            0%         N/A       100%        3
 Airstrike                Air            0%         2d(0-16)  100%        4
 Dispel Undead            Necr           0%         3d6       100%        4
 Death Channel            Necr           0%         N/A       100%        6
 Summon Hydra             Summ           0%         N/A       100%        7


Dungeon Overview and Level Annotations

Branches:
Dungeon (3/15)

Altars:
Ru
Xom
Zin

Annotations:
D:3 Sigmund


Innate Abilities, Weirdness & Mutations

You have a pair of horns on your head.
You reflexively headbutt those who attack you in melee.


Message History

You slash the frilled lizard!
You kill the frilled lizard!
Something hits you but does no damage. The orc hits you but does no damage.
You barely miss something. You slash the orc!
You kill the orc!
Something hits you.
Your Shields skill increases to level 4!
You hit something. Something hits you.
The kobold throws a stone.
The stone closely misses you.
You miss something. Something hits you!
You miss something. You headbutt something!
The kobold throws a stone.
The stone hits you but does no damage.
You hear some strange, mumbled words.
A magic dart appears from out of thin air!
The magic dart hits you but does no damage.
You miss something. Something hits you but does no damage.
The kobold throws a stone.
The stone barely misses you.
You miss something. Your headbutt misses something.
Something hits you but does no damage.
You hit something. Your headbutt misses something. Something hits you!
* * * LOW HITPOINT WARNING * * *
The kobold throws a stone.
The stone hits you.
* * * LOW HITPOINT WARNING * * *
You completely miss something. You headbutt something.
You hear some strange, mumbled words.
A puff of flame appears from out of thin air!
You block the puff of flame.
You miss something.
The kobold throws a stone.
The stone hits you but does no damage.
You hear some strange, mumbled words.
You are confused.
You hear some strange, mumbled words.
Something tries to affect you, but you resist.
You hear some strange, mumbled words.
You are more confused.
The kobold throws a stone.
The stone barely misses you.
You hear some strange, mumbled words.
You are more confused.
Something hits you!
You die...

.......#.≈.#####.≈.#.####..######
.####..#.≈.....#.≈...# ##..## #
.# #....≈.#._.#.≈.### #...# # .#
#....≈.#.....≈.# #...#### ##
####.≈.#####.≈.# ###...^#
#.≈......K≈.# ##....
..≈≈≈≈≈≈≈≈.###########.##
...................<...##
......).@..##########..#
......†{.#..# #### ..)......##..#
.........# #... .......... .....
.........## ###..# .........# ###
........##


You could see a kobold.

Vanquished Creatures
  An adder (D:2)
  A worm (D:3)
  An orc (D:3)
  An endoplasm (D:1)
  A giant cockroach (D:2)
  3 goblins
  3 hobgoblins
  3 jackals (D:1)
  7 quokkas
  2 ball pythons
  3 bats
  2 frilled lizards
  4 kobolds
  6 rats
38 creatures vanquished.

Vanquished Creatures (others)
  19 plants (D:2)
19 creatures vanquished.

Grand Total: 57 creatures vanquished

Notes
Turn   | Place    | Note
-------+----------+-------------------------------------------
     0 | D:1      | bmack86 the Minotaur Fighter began the quest for the Orb.
     0 | D:1      | Reached XP level 1. HP: 19/19 MP: 0/0
   222 | D:1      | Reached XP level 2. HP: 27/27 MP: 1/1
   659 | D:2      | Found a shimmering altar of Xom.
   960 | D:2      | Reached XP level 3. HP: 33/33 MP: 2/2
   967 | D:2      | Found a glowing silver altar of Zin.
  1356 | D:3      | Found a sacrificial altar of Ru.
  1570 | D:3      | Noticed Sigmund
  1592 | D:3      | Slain by Sigmund

Illustrated notes

Levels and vault maps discovered:
D:1:      dpeg_arrival_tiny_i, layout_loops_ring, corexii_hall_statues_x
D:2:      wad_woods_stonehenge, layout_loops_cross, basic_altar, serial_forest,
          infiniplex_forest_end_2, infiniplex_forest_clump_curved,
          infiniplex_forest_straight_1, infiniplex_forest_clump_curved
D:3:      layout_rooms, mainiacjoe_overflow_brackets, uniq_sigmund

Skill      XL: |  1  2  3 |
---------------+----------+-----
Fighting       | 4 |  4.3
Axes           | 3 |  3.3
Armour         | 4 |  4.1
Shields        | 4 |  4.0
Throwing       | |  0.6

Action                   || total
-------------------------++-------
Melee: War axe           ||   100
       Headbutt          ||    16
Throw: Boomerang         ||     8
  Use: Scroll            ||     4
Armor: Scale mail        ||    17
       Chain mail        ||    41
Dodge: Dodged            ||    38
Block: Buckler           ||    20

Table legend: (Time is in decaauts)
 A = Elapsed time spent in this place.
 B = Non-inter-level travel time spent in this place.
 C = Inter-level travel time spent in this place.
 D = Time resting spent in this place.
 E = Time spent auto-exploring this place.
 F = Levels seen in this place.
 G = Mean time per level.
                   A        B        C        D        E       F      G
               +--------+--------+--------+--------+--------+-----+--------+
         Total |   1634 |   1624 |     10 |      0 |   1115 |   3 |  544.7 |
       Dungeon |   1634 |   1624 |     10 |      0 |   1115 |   3 |  544.7 |
               +--------+--------+--------+--------+--------+-----+--------+

Top non-repeatable levels by time:
     D:2: 764 daAuts
     D:1: 609 daAuts
     D:3: 260 daAuts
